Map: Jagannatha LE

Players

BattleB - Winner!

  • Race: Terran Terran

SKillous

  • Race: Protoss Protoss

Event: DreamHack SC2 Masters 2021 Winter

VOD

Have the link to the VOD?

Description

Time

  • Played on: Sept. 29, 2021, 1:09 p.m.
  • Length: 11:28

All games in this series

Show
View Real Time Build Order
Export as new Build Order

BattleB Terran - Winner!

Build Orders:  

Get SALT Encoding   

  12  0:00  SCV  
  13  0:12  SCV  
  14  0:16  Supply Depot  
  14  0:24  SCV  
  15  0:38  SCV  
  15  0:39  Barracks  
  16  0:43  Refinery  
  16  0:50  SCV  
  17  1:03  SCV  
  18  1:16  SCV  
  19  1:26  Marine  
  19  1:28  Orbital Command  
  20  1:40  Command Center  
  20  1:45  Barracks Reactor  
  20  1:55  SCV  
  20  1:56  Supply Depot  
  21  2:07  SCV  
  22  2:08  Factory  
  22  2:16  Refinery  
  22  2:19  SCV  
  22  2:21  Marine  
  22  2:22  Marine  
  25  2:31  SCV  
  26  2:38  Marine  
  26  2:39  Marine  
  26  2:43  SCV  
  29  2:52  Orbital Command  
  29  2:53  Factory Tech Lab  
  29  2:54  Starport  
  29  2:57  Marine x2  
  31  3:01  SCV  
  35  3:13  Siege Tank  
  35  3:15  Marine x2  
  35  3:16  SCV, Orbital Command  
  38  3:29  SCV  
  38  3:31  Medivac  
  38  3:32  Supply Depot  
  41  3:36  Marine x2  
  43  3:42  SCV  
  43  3:43  SCV  
  45  3:50  Supply Depot  
  45  3:54  Siege Tank  
  48  3:55  Supply Depot  
  48  3:57  SCV x2  
  48  3:59  Marine  
  48  4:00  Marine  
  51  4:05  Viking  
  51  4:09  SCV  
  54  4:18  SCV, Marine x2  
  54  4:21  SCV  
  54  4:22  Supply Depot  
  58  4:30  SCV  
  59  4:32  Cyclone  
  59  4:33  SCV  
  59  4:36  Viking  
  65  4:41  Marine  
  65  4:42  SCV  
  65  4:44  Marine  
  69  4:45  SCV  
  69  4:52  Supply Depot  
  66  4:54  SCV  
  66  4:57  SCV  
  68  5:03  Marine  
  68  5:04  Marine  
  68  5:05  Cyclone  
  68  5:06  Supply Depot, SCV  
  71  5:09  SCV  
  71  5:11  Viking  
  74  5:18  SCV  
  74  5:20  Bunker  
  75  5:22  SCV, Marine x2  
  75  5:26  Bunker  
  77  5:30  SCV  
  77  5:34  SCV  
  73  5:41  Viking  
  76  5:42  SCV, Marine  
  76  5:43  Marine  
  76  5:46  SCV, Siege Tank  
  76  5:48  Command Center  
  82  5:54  SCV  
  83  5:57  Supply Depot  
  83  5:58  SCV  
  83  6:00  Bunker  
  83  6:02  Marine x2  
  86  6:07  SCV  
  86  6:10  SCV  
  86  6:15  Barracks  
  86  6:16  Barracks  
  76  6:19  SCV  
  76  6:20  Marine x2  
  76  6:21  Siege Tank  
  76  6:22  SCV  
  76  6:25  Refinery  
  82  6:26  Refinery  
  82  6:31  SCV, Viking  
  82  6:34  SCV  
  83  6:40  Engineering Bay x2  
  83  6:43  SCV, Marine x2  
  83  6:46  SCV  
  84  6:55  SCV, Siege Tank  
  84  6:58  SCV  
  84  7:00  Orbital Command  
  89  7:02  Marine x2  
  89  7:07  SCV  
  88  7:10  SCV  
  88  7:15  Starport Reactor  
  84  7:16  Terran Infantry Weapons Level 1  
  84  7:19  SCV  
  84  7:20  Terran Infantry Armor Level 1  
  84  7:21  Marine x2  
  87  7:24  Barracks Tech Lab  
  87  7:25  Barracks Tech Lab  
  86  7:30  Orbital Command  
  86  7:33  SCV x2  
  86  7:34  Siege Tank  
  86  7:36  Barracks  
  91  7:37  Barracks  
  91  7:41  Marine x2  
  93  7:44  Supply Depot, Combat Shield  
  93  7:45  Supply Depot  
  93  7:47  SCV x2, Stimpack  
  95  7:53  Refinery  
  95  7:56  SCV, Refinery  
  95  7:58  Marauder  
  98  8:01  SCV, Marine  
  98  8:02  Marine  
  98  8:05  Marauder  
  103  8:08  Medivac  
  103  8:11  Medivac  
  107  8:15  Supply Depot  
  107  8:19  Supply Depot  
  107  8:21  Marine x2  
  107  8:22  Marauder  
  107  8:25  Barracks Reactor  
  107  8:26  Marauder, Barracks Tech Lab  
  113  8:29  Siege Tank  
  116  8:36  Supply Depot  
  116  8:38  Supply Depot  
  116  8:39  Marine x2  
  118  8:42  Medivac x2  
  118  8:45  Concussive Shells  
  118  8:47  Marauder  
  118  8:48  Marauder  
  124  8:51  Marauder  
  126  8:57  Armory  
  126  8:58  Marine x2  
  126  9:00  Supply Depot  
  126  9:02  Marine x2  
  130  9:04  Supply Depot  
  130  9:06  Siege Tank  
  130  9:08  Command Center  
  135  9:10  Marauder x2  
  135  9:14  Marauder  
  135  9:15  Medivac  
  141  9:19  Marine  
  141  9:20  Marine  
  141  9:22  Medivac, Marine x2  
  147  9:26  Supply Depot  
  147  9:35  Marauder x2  
  147  9:37  Marauder, Marine  
  154  9:41  Marine  
  154  9:44  Siege Tank  
  154  9:45  Marine x2  
  139  9:53  Viking x2  
  139  9:56  Marauder  
  138  10:01  Starport, Marine x2  
  138  10:02  Marauder, Ghost Academy  
  138  10:04  Marine  
  138  10:05  Marauder, Marine  
  146  10:18  Barracks  
  146  10:19  Barracks  
  146  10:20  Marauder, Marine, Barracks  
  149  10:23  Marine  
  143  10:32  Marauder x2, Marine x2  
  141  10:36  Planetary Fortress  
  141  10:41  Starport Reactor  
  141  10:46  Viking x2  
  141  10:47  Marine  
  141  10:48  Marauder  
  148  10:51  SCV  
  148  10:52  SCV x2  
  151  11:01  Refinery  
  151  11:04  SCV, Refinery  
  147  11:05  SCV  
  147  11:09  Barracks Tech Lab x2  
  147  11:10  Barracks Reactor  
Show
View Real Time Build Order
Export as new Build Order

SKillous Protoss 

Build Orders: 1 Gate Expand, Oracle Opening 

Get SALT Encoding   

  12  0:01  Probe  
  13  0:13  Probe  
  14  0:18  Pylon  
  14  0:25  Probe (Chrono Boost)  
  15  0:37  Probe (Chrono Boost)  
  15  0:38  Gateway  
  16  0:45  Probe (Chrono Boost)  
  16  0:46  Assimilator  
  17  0:52  Probe  
  19  1:04  Probe  
  19  1:16  Probe  
  20  1:26  Cybernetics Core  
  20  1:35  Nexus  
  20  1:43  Pylon  
  20  1:46  Probe  
  21  1:53  Assimilator  
  21  1:58  Probe  
  21  1:59  Adept (Chrono Boost)  
  24  2:10  Probe  
  25  2:22  Adept, Probe  
  27  2:26  Stargate  
  27  2:34  Probe  
  28  2:37  Warp Gate  
  28  2:46  Probe (Chrono Boost)  
  30  2:52  Adept, Probe (Chrono Boost)  
  30  2:56  Probe (Chrono Boost)  
  33  3:00  Probe (Chrono Boost)  
  33  3:01  Probe (Chrono Boost)  
  35  3:07  Oracle (Chrono Boost)  
  35  3:12  Probe  
  39  3:17  Probe, Shield Battery  
  40  3:24  Probe  
  40  3:26  Pylon  
  41  3:34  Probe  
  41  3:36  Probe  
  41  3:37  Oracle  
  46  3:44  Assimilator  
  47  3:48  Probe (Chrono Boost)  
  47  3:49  Probe (Chrono Boost)  
  47  3:54  Robotics Facility  
  48  4:00  Probe (Chrono Boost)  
  50  4:03  Probe (Chrono Boost)  
  50  4:05  Probe (Chrono Boost)  
  50  4:07  Shield Battery  
  50  4:09  Pylon  
  51  4:11  Void Ray (Chrono Boost), Probe  
  51  4:15  Probe, Pylon  
  54  4:27  Adept, Probe x2  
  58  4:31  Assimilator  
  58  4:39  Probe  
  58  4:42  Immortal  
  63  4:46  Pylon  
  57  4:53  Probe  
  57  4:54  Probe  
  57  4:57  Adept  
  61  5:08  Pylon  
  61  5:09  Pylon  
  61  5:12  Phoenix  
  61  5:18  Shield Battery  
  61  5:20  Pylon  
  61  5:26  Immortal  
  61  5:27  Gateway  
  65  5:32  Void Ray (Chrono Boost)  
  63  5:38  Shield Battery  
  62  5:44  Shield Battery  
  62  5:45  Probe x2  
  62  5:48  Shield Battery  
  64  5:51  Pylon  
  64  5:55  Adept, Pylon  
  65  6:02  Pylon  
  63  6:05  Pylon  
  58  6:11  Void Ray  
  58  6:17  Probe  
  58  6:18  Probe  
  60  6:25  Zealot x2  
  64  6:29  Probe  
  64  6:30  Probe  
  63  6:33  Immortal (Chrono Boost)  
  61  6:41  Robotics Bay, Probe  
  61  6:43  Pylon  
  62  6:48  Shield Battery  
  60  6:56  Twilight Council  
  60  7:00  Sentry x2  
  64  7:08  Void Ray (Chrono Boost)  
  66  7:19  Colossus  
  66  7:34  Charge  
  66  7:36  Extended Thermal Lance  
  68  7:40  Probe x2  
  70  7:46  Nexus  
  70  7:47  Pylon  
  70  7:48  Zealot, Sentry  
  74  7:52  Probe  
  74  7:54  Probe  
  74  7:55  Gateway  
  74  7:57  Gateway  
  76  8:00  Gateway  
  76  8:03  Pylon  
  76  8:05  Probe  
  77  8:06  Probe  
  77  8:12  Colossus (Chrono Boost)  
  78  8:17  Sentry  
  78  8:19  Probe  
  87  8:21  Probe  
  87  8:26  Shield Battery  
  88  8:31  Probe  
  89  8:35  Forge  
  89  8:37  Probe  
  90  8:42  Assimilator  
  90  8:46  Assimilator  
  90  8:50  Robotics Facility  
  90  8:51  Probe  
  91  8:56  Disruptor (Chrono Boost), Shield Battery  
  91  9:01  Probe  
  95  9:03  Probe, Protoss Ground Weapons Level 1 (Chrono Boost)  
  95  9:09  Photon Cannon  
  96  9:19  Stalker, Blink  
  96  9:23  Zealot  
  100  9:26  Disruptor (Chrono Boost)  
  100  9:30  Zealot x2  
  107  9:36  Zealot  
  101  9:51  Disruptor (Chrono Boost)  
  101  9:52  Zealot  
  101  9:53  Zealot x2  
  106  10:02  Nexus  
  106  10:03  Pylon  
  106  10:04  Probe  
  106  10:06  Probe  
  108  10:07  Pylon  
  108  10:08  Zealot  
  107  10:14  Probe  
  107  10:20  Observer  
  108  10:21  Observer  
  108  10:25  Probe  
  101  10:30  Probe  
  92  10:37  Probe  
  92  10:38  Assimilator  
  92  10:41  Disruptor  
  92  10:42  Stalker x4, Disruptor  
  107  10:53  Gateway x2  
  107  10:56  Gateway  
  107  10:57  Photon Cannon  
  107  11:00  Gateway, Shield Battery  
  107  11:01  Pylon  
  107  11:08  Zealot x3  
  99  11:13  Zealot  

Tags
 
Add a new tag
Caveats
  • Supply blocks, unpowered buildings, or Contaminate may cause inaccurate times.
  • Supply counts are checked every 10 seconds.